 Dungeon Crawl Stone Soup version 0.18.1-48-g4cf74bf (webtiles) character file.

5728 Scotteh the Protected (level 10, -2/88 HPs)
             Began as a Minotaur Fighter on July 20, 2016.
             Was a High Priest of Cheibriados.
             Slain by Typee's ghost (4 damage)
             ... on level 11 of the Dungeon.
             The game lasted 00:30:04 (8544 turns).

Scotteh the Protected (Minotaur Fighter)            Turns: 8544, Time: 00:30:05

Health: -2/88      AC: 11    Str: 37    XL:     10   Next: 48%
Magic:  9/9        EV: 16    Int: 21    God:    Cheibriados [*****.]
Gold:   418        SH:  0    Dex: 25    Spells: 0 memorised, 9 levels left

rFire  + . .     SeeInvis .     a - +0 long sword
rCold  . . .     Gourm    .     T - +0 chain mail {rF+}
rNeg   . . .     Faith    .     c - +0 shield
rPois  .         Spirit   .     (helmet restricted)
rElec  .         Dismiss  .     (no cloak)
rCorr  .         Reflect  .     (no gloves)
SustAt .         Harm     .     (no boots)
MR     .....                    (no amulet)
Stlth  ..........               y - +2 ring of intelligence
                                s - +2 ring of slaying

@: confused, very slow, not resistant to hostile enchantments, extremely
unstealthy
A: retaliatory headbutt, horns 2
a: Bend Time, Temporal Distortion, Slouch, Step From Time, Renounce Religion


You were on level 11 of the Dungeon.
You worshipped Cheibriados.
Cheibriados was extremely pleased with you.
You were hungry.

You visited 2 branches of the dungeon, and saw 12 of its levels.

You collected 418 gold pieces.

Inventory:

Hand Weapons
 a - a +0 long sword (weapon)
Armour
 b - a +0 scale mail
 c - a +0 shield (worn)
 T - a +0 chain mail of fire resistance (worn)
Jewellery
 s - a +2 ring of slaying (left hand)
 y - a +2 ring of intelligence (right hand)
 P - a +2 ring of slaying
Wands
 w - a wand of flame (33/48)
 M - a wand of flame (9/48)
 O - a wand of lightning (8/15)
 R - a wand of lightning (13/15)
 U - a wand of acid (10/15)
Scrolls
 g - 4 scrolls of identify {unknown}
 i - a scroll of fear {unknown}
 m - 7 scrolls of remove curse {unknown}
 o - 3 scrolls of random uselessness {unknown}
 p - 2 scrolls of enchant armour {unknown}
 r - 2 scrolls of immolation {unknown}
 t - 3 scrolls of noise {unknown}
 v - 3 scrolls of magic mapping {unknown}
 z - 2 scrolls of teleportation {unknown}
 B - a scroll of enchant weapon {unknown}
 D - 2 scrolls of recharging {unknown}
 I - 2 scrolls of amnesia {unknown}
 K - a scroll of blinking {unknown}
 L - a scroll of holy word {unknown}
 N - a scroll of brand weapon {unknown}
Potions
 d - 2 potions of might
 e - 5 potions of curing
 k - a potion of ambrosia
 n - 3 potions of lignification {unknown}
 q - 2 potions of degeneration {unknown}
 x - a potion of magic {unknown}
 A - a potion of haste {unknown}
 C - 2 potions of flight {unknown}
 J - a potion of mutation {unknown}
Books
 u - a book of Changes

   Spells                             Type                      Level
   a - Beastly Appendage              Transmutation                1
   b - Sticks to Snakes               Transmutation                2
   c - Spider Form                    Transmutation/Poison         3
   d - Ice Form                       Ice/Transmutation            4
   e - Blade Hands                    Transmutation                5
 E - a book of Frost

   Spells                             Type                      Level
   a - Freeze                         Ice                          1
   b - Throw Frost                    Conjuration/Ice              2
   c - Ozocubu's Armour               Charms/Ice                   3
   d - Throw Icicle                   Conjuration/Ice              4
   e - Summon Ice Beast               Ice/Summoning                4
 H - a book of the Dragon

   Spells                             Type                      Level
   a - Flame Tongue                   Conjuration/Fire             1
   b - Cause Fear                     Hexes                        4
   c - Bolt of Fire                   Conjuration/Fire             6
   d - Dragon Form                    Transmutation                7
   e - Dragon's Call                  Summoning                    9
 Q - a book of Death

   Spells                             Type                      Level
   a - Corpse Rot                     Necromancy                   2
   b - Sublimation of Blood           Necromancy                   2
   c - Agony                          Necromancy                   5
   d - Dispel Undead                  Necromancy                   5
   e - Excruciating Wounds            Charms/Necromancy            5
   f - Bolt of Draining               Conjuration/Necromancy       5
Comestibles
 f - 8 bread rations
 h - 6 meat rations
 j - 9 beef jerkies
 G - 2 royal jellies


   Skills:
 + Level 8.0 Fighting
 + Level 7.2 Long Blades
 + Level 10.2 Armour
 + Level 7.6 Dodging
 + Level 1.3 Stealth
 + Level 10.1 Shields


You had 9 spell levels left.
You didn't know any spells.

Dungeon Overview and Level Annotations

Branches:
Dungeon (11/15)            Temple (1/1) D:4
   Lair: D:8-11         Orc: D:9-12

Altars:
Ashenzari
Cheibriados
Dithmenos
Elyvilon
Fedhas
Gozag
Kikubaaqudgha
Makhleb
Nemelex Xobeh
Okawaru
Pakellas
Qazlal
Ru
Sif Muna
Trog
Vehumet
Xom
Yredelemnul
Zin
The Shining One

Annotations:
D:11 Typee's ghost, journeyman OpCj


Innate Abilities, Weirdness & Mutations

You reflexively headbutt those who attack you in melee.
You have a pair of horns on your head.


Message History

You block the orc warrior's attack.
The orc priest hits you with an enchanted short sword.
The orc warrior misses you. You furiously retaliate!
You headbutt the orc warrior.
Things that are here:
a short sword; an orc corpse You slash the orc priest!
You headbutt the orc priest.
You kill the orc priest!
Cheibriados appreciates the change of pace.
Typee's ghost casts a spell at you. The spray of energy hits you!
* * * LOW HITPOINT WARNING * * *
You are confused.
The orc warrior barely misses you.
You bump into the rock wall.
You miss Typee's ghost. Your headbutt misses Typee's ghost.
The orc warrior hits you with a mace!
* * * LOW HITPOINT WARNING * * *
Typee's ghost hits you.
You die...

##'######
#..>....#
#.?.....#
+...!...#
#.......#
#.....".#
#..oW...+
#...@...#
####'#### #.#
#.## #..# ##.#
## #.#
....###.#######
#...........+


You could see an orc warrior and Typee's ghost.

Vanquished Creatures
  Erica (D:10)
  An ugly thing (D:10)
  3 trolls (D:9)
  A hungry ghost (D:7)
  An ice beast (D:6)
  An orc warrior (D:7)
  2 black bears
  A sky beast (D:7)
  2 ogres
  2 crocodiles
  5 centaurs
  2 big kobolds
  6 giant frogs
  A jelly (D:7)
  5 scorpions
  6 killer bees
  4 wights (D:9)
  A howler monkey (D:10)
  A quasit (D:6)
  7 crimson imps
  2 centaur skeletons (D:5)
  A gnoll shaman (D:6)
  6 hounds
  3 orc priests
  11 orc wizards
  2 iguanas (D:8)
  5 worker ants
  A killer bee zombie (D:8)
  A hound skeleton (D:8)
  A howler monkey zombie (D:6)
  2 worker ant zombies
  9 adders
  7 gnolls
  A howler monkey skeleton (D:7)
  2 shadow imps (D:5)
  An ooze (D:2)
  3 worms
  A dart slug (D:1)
  2 giant geckos (D:7)
  34 orcs
  2 giant cockroaches (D:2)
  5 goblins
  5 hobgoblins
  3 jackals (D:4)
  5 quokkas
  2 ball pythons (D:1)
  4 bats
  2 giant gecko zombies
  4 giant newts
  A jackal skeleton (D:5)
  18 kobolds
  8 rats
207 creatures vanquished.

Notes
Turn   | Place    | Note
--------------------------------------------------------------
     0 | D:1      | Scotteh the Minotaur Fighter began the quest for the Orb.
     0 | D:1      | Reached XP level 1. HP: 19/19 MP: 0/0
    11 | D:1      | Noticed a giant frog
   546 | D:1      | Reached XP level 2. HP: 27/27 MP: 1/1
  1165 | D:2      | Reached XP level 3. HP: 29/33 MP: 2/2
  1650 | D:2      | Reached XP level 4. HP: 39/40 MP: 3/3
  2055 | D:3      | Found a faded altar to an unknown god.
  2070 | D:3      | Became a worshipper of Cheibriados the Contemplative
  2070 | D:3      | Reached * piety under Cheibriados
  2115 | D:3      | Found a stormy altar of Qazlal.
  2397 | D:3      | Reached skill level 5 in Armour
  2438 | D:3      | Reached skill level 1 in Dodging
  2541 | D:4      | Reached XP level 5. HP: 29/47 MP: 4/4
  2720 | D:4      | Found a deep blue altar of Sif Muna.
  2818 | D:4      | Found a staircase to the Ecumenical Temple.
  2899 | D:4      | Reached ** piety under Cheibriados
  3536 | Temple   | Entered the Ecumenical Temple
  3621 | D:5      | Entered Level 5 of the Dungeon
  3628 | D:5      | Noticed a centaur
  3635 | D:5      | Killed a centaur
  3635 | D:5      | Reached skill level 5 in Shields
  3635 | D:5      | Reached XP level 6. HP: 53/55 MP: 5/5
  3652 | D:5      | Reached skill level 5 in Fighting
  3717 | D:5      | Found a blossoming altar of Fedhas.
  3719 | D:5      | Found a sacrificial altar of Ru.
  4096 | D:5      | Reached XP level 7. HP: 51/61 MP: 6/6
  4163 | D:5      | Reached *** piety under Cheibriados
  4358 | D:6      | Found a shattered altar of Ashenzari.
  4411 | D:6      | Reached XP level 8. HP: 22/70 MP: 7/7
  5242 | D:7      | Found a bloodstained altar of Trog.
  5383 | D:7      | Reached skill level 5 in Long Blades
  5394 | D:7      | Reached **** piety under Cheibriados
  5394 | D:7      | Reached skill level 5 in Dodging
  6006 | D:7      | Reached XP level 9. HP: 75/78 MP: 8/8
  6503 | D:8      | Reached ***** piety under Cheibriados
  6545 | D:8      | Found a sand-covered staircase.
  6728 | D:8      | Found a white marble altar of Elyvilon.
  7118 | D:9      | Noticed a troll
  7122 | D:9      | Killed a troll
  7182 | D:9      | Found an oddly glowing altar of Pakellas.
  7298 | D:9      | Noticed a troll
  7300 | D:9      | Noticed a troll
  7303 | D:9      | Killed a troll
  7307 | D:9      | Killed a troll
  7307 | D:9      | Reached XP level 10. HP: 67/86 MP: 9/9
  7481 | D:10     | Entered Level 10 of the Dungeon
  7483 | D:10     | Noticed a cyan ugly thing
  7494 | D:10     | Killed a cyan ugly thing
  7494 | D:10     | Reached skill level 1 in Stealth
  8043 | D:10     | Reached skill level 10 in Shields
  8341 | D:10     | Noticed Erica
  8351 | D:10     | Killed Erica
  8351 | D:10     | Reached skill level 10 in Armour
  8540 | D:11     | Noticed Typee's ghost (journeyman OpCj)
  8544 | D:11     | HP: 2/88 [orc warrior/mace (13)]
  8544 | D:11     | Slain by Typee's ghost

Skill      XL: |  1  2  3  4  5  6  7  8  9 10 |
---------------+-------------------------------+-----
Shields        | 4 5 6 7 9 10 | 10.1
Fighting       | 4 5 6 7 8 |  8.0
Armour         | 4 5 6 7 8 9 10 | 10.2
Long Blades    | 3 4 5 6 7 |  7.2
Dodging        | 1 2 4 5 7 |  7.6
Stealth        | 1 |  1.3

Action                   |  1- 3 |  4- 6 |  7- 9 | 10-12 || total
-------------------------+-------+-------+-------+-------++-------
Melee: Long sword        |    81 |   135 |   209 |    63 ||   488
       Headbutt          |     9 |    37 |    73 |    22 ||   141
  Use: Potion            |       |       |       |     6 ||     6
 Stab: Invisible         |       |       |       |     2 ||     2
  Eat: Chunk             |     2 |     5 |     3 |       ||    10
       Meat ration       |       |       |     1 |       ||     1
Armor: Scale mail        |    39 |    40 |    63 |       ||   142
       Chain mail        |       |       |       |   111 ||   111
Dodge: Dodged            |    26 |    36 |   120 |   112 ||   294
Block: Shield            |    40 |   102 |   189 |   105 ||   436
